AoeStats
← nadia nova

Arabia

507056325Analyzed
1v1 RM · 15d ago on Sep 16, 2026· 35m 22s· 2 players
Game mode
Random Map
Map size
Tiny (2 player)
Population
200
Speed
Normal
Resources
Standard
Victory
Conquest
Starting age
Dark Age
Ending age
Imperial Age
RankedLock teamsTeams togetherTeam positionsShared explorationLock speedFull tech treeHidden civsTurbo modeCheats
Victory
Defeat
🇫🇮 Malians · Finland
1006
+15
🇦🇷 Hindustanis · Argentina
995
-15
Kikelot
7:39 Loom
9:53 Feudal Age
12:07 Bloodlines
13:51 Forging
19:46 Horse Collar
21:22 Wheelbarrow
24:24 Castle Age
22:43 Man-at-Arms
23:27 Scale Mail Armor
25:17 Long Swordsman
30:22 Fletching
30:24 Light Cavalry
33:02 Scale Barding Armor
34:51 Stone Mining
nadia nova
8:15 Loom
10:09 Feudal Age
11:15 Double-Bit Axe
10:54 Man-at-Arms
18:22 Scale Mail Armor
18:47 Forging
23:44 Castle Age
22:36 Arson
25:02 Chain Mail Armor
24:08 Long Swordsman
25:47 Bow Saw
26:39 Squires
27:46 Wheelbarrow
26:53 Horse Collar
32:08 Iron Casting
35:00 Heavy Plow
Connection lost

Rejoining the realm…

Still unreachable

The connection could not be restored.

Session expired

The server has moved on; the page needs a fresh start.